 Dungeon Crawl Stone Soup version 0.29-a0-451-gfbfa42419e (webtiles) character file.

Game seed: 6401663195931211356

10206 jlumianski the Cleaver (level 11, -14/74 HPs)
             Began as a Demonspawn Fighter on May 19, 2022.
             Was a Believer of Hepliaklqana.
             Demolished by a two-headed ogre
             ... wielding a +0 giant club
              (23 damage)
             ... on level 10 of the Dungeon.
             The game lasted 00:41:24 (11530 turns).

jlumianski the Cleaver (Demonspawn Fighter)        Turns: 11530, Time: 00:41:27

Health: -14/74     AC: 11    Str: 20    XL:     11   Next: 33%
Magic:  13/13      EV: 14    Int: 10    God:    Hepliaklqana [**....]
Gold:   558        SH: 14    Dex: 13    Spells: 13/13 levels left

rFire   . . .      SeeInvis .   I - +5 war axe (freeze)
rCold   . . .      Faith    .   c - +0 buckler
rNeg    . . .      Spirit   .   x - +2 scale mail {Will+}
rPois   .          Reflect  +   m - +2 hat
rElec   .          Harm     .   (no cloak)
rCorr   .          Rampage  .   (no gloves)
Will    ++...                   (no boots)
Stlth   +.........              f - amulet of reflection
HPRegen 0.22/turn               M - ring of flight
MPRegen 0.13/turn               N - ring of willpower

@: flying
A: reduced essence, horns 2, repulsion field 2, spiny 1, condensation shield
a: Renounce Religion, Recall Ancestor, Ancestor Identity


You were on level 10 of the Dungeon.
You worshipped Hepliaklqana.
Hepliaklqana was pleased with you.
You visited 2 branches of the dungeon, and saw 11 of its levels.
You also visited: Sewer and Ossuary.

You collected 558 gold pieces.

Inventory:

Hand Weapons
 v - a +2 vampiric whip
 I - a +5 war axe of freezing (weapon)
Missiles
 r - 62 poisoned darts (quivered)
 G - 4 throwing nets
 U - 9 boomerangs
Armour
 c - a +0 buckler (worn)
 m - a +2 hat (worn)
 x - a +2 scale mail of willpower (worn)
Jewellery
 f - an amulet of reflection (around neck)
 M - a ring of flight (left hand)
 N - a ring of willpower (right hand)
 R - a ring of protection from cold
 T - a ring of positive energy
Wands
 q - a wand of digging (6)
 z - a wand of paralysis (9)
 B - a wand of flame (12)
 C - a wand of polymorph (3)
 V - a wand of iceblast (17)
Scrolls
 a - a scroll of fear
 b - a scroll of identify
 e - 3 scrolls of blinking
 J - a scroll of fog
 X - a scroll of teleportation
Potions
 d - 2 potions of might
 i - 2 potions of resistance
 l - 2 potions of attraction
 n - 3 potions of curing
 o - a potion of haste
 s - 6 potions of heal wounds
 t - a potion of cancellation
 w - 4 potions of magic
 A - 2 potions of lignification
 K - a potion of berserk rage


   Skills:
 + Level 6.8 Fighting
 + Level 9.6 Axes
 + Level 2.1 Throwing
 + Level 6.7 Armour
 + Level 4.7 Dodging
 + Level 2.9 Stealth
 + Level 5.9 Shields
 + Level 1.7 Spellcasting
 + Level 2.0 Conjurations
 + Level 2.0 Hexes
 + Level 2.7 Summonings
 + Level 2.2 Necromancy
 + Level 1.7 Translocations
 + Level 2.5 Transmutations
 + Level 3.0 Fire Magic
 + Level 1.7 Ice Magic
 + Level 1.7 Air Magic
 + Level 1.7 Earth Magic
 + Level 2.0 Poison Magic
 + Level 2.7 Invocations
 + Level 2.7 Evocations


You had 13 spell levels left.
You didn't know any spells.
Your spell library contained the following spells:

 Spells                   Type           Power      Damage    Failure   Level
 Summon Small Mammal      Summ           24%        N/A       34%         1
 Beastly Appendage        Tmut           10%        N/A       36%         1
 Wereblood                Tmut           5%         N/A       50%         2
 Call Canine Familiar     Summ           6%         N/A       71%         3
 Spider Form              Tmut/Pois      5%         N/A       77%         3
 Summon Guardian Golem    Hex/Summ       5%         N/A       77%         3
 Gell's Gravitas          Tloc           4%         N/A       83%         3
 Teleport Other           Tloc           4%         N/A       83%         3
 Animate Dead             Necr           5%         N/A       99%         4
 Alistair's Intoxication  Tmut/Pois      3%         N/A       100%        5
 Borgnjor's Vile Clutch   Necr/Erth      2%         N/A       100%        5
 Dispersal                Tloc           2%         N/A       100%        6
 Eringya's Noxious Bog    Tmut/Pois      2%         N/A       100%        6
 Haunt                    Necr/Summ      2%         N/A       100%        7
 Orb of Destruction       Conj           2%         9d5       100%        7
 Spellforged Servitor     Conj/Summ      2%         N/A       100%        7
 Infestation              Necr           2%         N/A       100%        8


Dungeon Overview and Level Annotations

Branches:
Dungeon (10/15)            Temple (1/1) D:6            Lair (0/6) D:9
    Orc (0/2) D:9           Sewer (visited)         Ossuary (visited)

Altars:
Dithmenos
Elyvilon
Gozag
Hepliaklqana
Kikubaaqudgha
Nemelex Xobeh
Okawaru
Ru
Sif Muna
Trog
Uskayaw
Vehumet
Wu Jian
Yredelemnul
Zin
The Shining One

Shops:
D:7 *


Innate Abilities, Weirdness & Mutations

Your life essence is reduced to manifest your ancestor. (-10% HP)
You have a pair of horns on your head.
You are surrounded by a moderate repulsion field. (EV +3)
You are partially covered in sharp spines.
A meltable shield of frost defends you. (SH +4)


Message History

The vampire mosquito bites Thabo. x2
A howler monkey comes into view.
Thabo hits the vampire mosquito with a +0 quarterstaff!
The vampire mosquito is destroyed!
The floating eye gazes piercingly through you!
You shrug off the repeated paralysis!
Thabo hits the two-headed ogre but does no damage.
You can move again.
The two-headed ogre attacks as you move away!
You block the two-headed ogre's attack. The two-headed ogre closely misses you.
Something hits Thabo! x2
Thabo gestures at the two-headed ogre while chanting.
The stone arrow hits the two-headed ogre!
A two-headed ogre comes into view.
It is wielding a +0 giant club and a +0 giant spiked club.
The two-headed ogre hits Thabo with a +0 dire flail!!
Thabo is destroyed!
Found 3 scrolls of enchant weapon.
You see here a +0 shortbow.
Items here: )) [[ ÷.
There is an open door here.
Cleave: I) +5 war axe (freeze)
Press: ? - help, Dir - move target, f - you
Okay, then.
There is a stone staircase leading up, spattered with blood here.
You fly upwards.
There is a stone staircase leading down, spattered with blood here.
You start resting.
Thabo emerges from the mists of memory!
You start resting.
HP restored.
You fly downwards.
You block the two-headed ogre's attack.
The two-headed ogre hits you with a +0 giant spiked club!
There is a stone staircase leading up, spattered with blood here.
The two-headed ogre is struck by your spines.
The two-headed ogre hits you with a +0 giant spiked club!!
You block the two-headed ogre's attack.
The two-headed ogre closely misses you. x2
The two-headed ogre hits you with a +0 giant club!!
* * * LOW HITPOINT WARNING * * *
The two-headed ogre hits you with a +0 giant spiked club!!
You die...

+ ###. #.. #######+##
#.#
#........#########.##
#......).'...##......
#..RO[...###.[#......
#...@O...# ##.O.[....
####....O..[#
###).....
#...........# #.O....
#.##........# #......
# #≈.≈≈≈≈≈♣.# #......
#.≈≈≈.≈≈.≈.≈# #######
#.≈..≈.≈≈.### #.
#...≈.≈♣≈≈. #O
#.##≈.≈#..≈. ...


You could see the friendly Thabo the battlemage and 3 two-headed ogres.

Vanquished Creatures
  A troll (D:9)
  Sigmund (D:5)
  2 wyverns (D:9)
  8 yaks
  Grum (D:8)
  A water moccasin (D:6)
  5 orc warriors
  3 ice beasts
  A black bear (D:6)
  An ogre (D:7)
  2 centaurs
  4 wolves (D:8)
  3 phantoms
  A bullfrog (D:9)
  4 kobold brigands
  2 gnoll sergeants
  A necrophage (D:4)
  2 scorpions (D:5)
  11 wights
  A centaur zombie (Ossuary)
  A human zombie (Ossuary)
  2 hounds (D:4)
  3 jellies
  3 orc priests
  5 iguanas
  5 orc wizards
  3 mummies
  10 gnolls
  12 adders
  3 river rats (Sewer)
  A shadow imp (D:7)
  An ufetubus (D:5)
  4 worms
  5 dart slugs
  18 orcs
  15 ball pythons
  4 bats
  4 endoplasms
  A giant cockroach (D:3)
  2 gnoll zombies (Ossuary)
  11 goblins
  11 hobgoblins
  2 quokkas
  6 frilled lizards
  4 goblin zombies
  29 kobolds
  A kobold zombie (Ossuary)
  An orc zombie (Ossuary)
  25 rats
247 creatures vanquished.

Vanquished Creatures (collateral kills)
  A two-headed ogre (D:9)
  Joseph (D:8)
  A komodo dragon (D:9)
  A vampire (D:9)
  2 wyverns
  2 yaks
  A vampire mosquito (D:10)
  2 steam dragons (D:8)
  An acid dragon (D:9)
  A water moccasin (D:7)
  3 centaurs
  4 wights
  3 orc wizards
  2 gnolls (D:9)
  An orc (D:10)
  A kobold (D:8)
27 creatures vanquished.

Vanquished Creatures (others)
  2 battlemagi (D:10)
  An ancestor (D:7)
  29 plants
32 creatures vanquished.

Grand Total: 306 creatures vanquished

Notes
Turn   | Place    | Note
-------+----------+-------------------------------------------
     0 | D:1      | jlumianski the Demonspawn Fighter began the quest for the
                  | Orb.
     0 | D:1      | Reached XP level 1. HP: 18/18 MP: 1/1
    77 | D:1      | Gained mutation: You have a pair of small horns on your
                  | head. [demonic ancestry]
    77 | D:1      | Reached XP level 2. HP: 2/24 MP: 2/2
   429 | D:1      | Noticed an eye of devastation
   430 | D:1      | Noticed a golden eye
   432 | D:1      | Found a faded altar of an unknown god.
   449 | D:1      | Noticed a floating eye
   450 | D:1      | Noticed a floating eye
   656 | D:1      | Reached skill level 2 in Axes
   840 | D:1      | Gained mutation: You have a pair of horns on your head.
                  | [demonic ancestry]
   840 | D:1      | Reached XP level 3. HP: 29/29 MP: 3/3
  1953 | D:2      | Gained mutation: You are surrounded by a mild repulsion
                  | field. (EV +2) [demonic ancestry]
  1953 | D:2      | Reached XP level 4. HP: 28/35 MP: 4/4
  2438 | D:3      | Reached skill level 1 in Dodging
  2598 | D:3      | Found a glowing drain.
  2623 | Sewer    | Entered a sewer
  2668 | Sewer    | Gained mutation: You are partially covered in sharp spines.
                  | [demonic ancestry]
  2668 | Sewer    | Reached XP level 5. HP: 36/41 MP: 5/5
  2747 | Sewer    | Reached skill level 3 in Axes
  2825 | Sewer    | Reached XP level 6. HP: 48/48 MP: 6/6
  3029 | Sewer    | Reached skill level 4 in Axes
  3780 | D:4      | Reached XP level 7. HP: 53/55 MP: 7/7
  4893 | D:5      | Entered Level 5 of the Dungeon
  4942 | D:5      | Found a sand-covered staircase.
  4949 | Ossuary  | Entered an ossuary
  5172 | Ossuary  | Reached skill level 5 in Axes
  5383 | D:5      | Found an iron altar of Okawaru.
  5548 | D:5      | Reached skill level 1 in Stealth
  5553 | D:5      | Reached skill level 5 in Fighting
  5553 | D:5      | Gained mutation: A meltable shield of frost defends you.
                  | (SH +4) [demonic ancestry]
  5553 | D:5      | Reached XP level 8. HP: 56/62 MP: 8/8
  5765 | D:5      | Reached skill level 6 in Axes
  6106 | D:5      | Noticed Sigmund
  6111 | D:5      | Killed Sigmund
  6183 | D:5      | Found a shadowy altar of Dithmenos.
  6194 | D:5      | Reached skill level 1 in Throwing
  6194 | D:5      | Reached skill level 5 in Armour
  6194 | D:5      | Reached skill level 1 in Spellcasting
  6194 | D:5      | Reached skill level 1 in Translocations
  6194 | D:5      | Reached skill level 1 in Ice Magic
  6194 | D:5      | Reached skill level 1 in Air Magic
  6194 | D:5      | Reached skill level 1 in Earth Magic
  6194 | D:5      | Reached XP level 9. HP: 69/69 MP: 8/11
  6460 | D:6      | Reached skill level 7 in Axes
  6639 | D:6      | Found a staircase to the Ecumenical Temple.
  6675 | Temple   | Entered the Ecumenical Temple
  6726 | Temple   | Became a worshipper of Hepliaklqana the Forgotten
  7724 | D:7      | Reached * piety under Hepliaklqana
  8078 | D:7      | Found Piwnurab's General Store.
  8086 | D:7      | Reached XP level 10. HP: 49/61 MP: 12/12
  8158 | D:7      | Reached skill level 5 in Shields
  8746 | D:8      | Noticed Grum
  8752 | D:8      | Reached skill level 8 in Axes
  8759 | D:8      | Killed Grum
  9129 | D:8      | Noticed Joseph
  9134 | D:8      | Killed Joseph
  9173 | D:8      | Reached ** piety under Hepliaklqana
  9174 | D:8      | Remembered your ancestor Thabo as a battlemage
  9909 | D:9      | Found a staircase to the Orcish Mines.
 10112 | D:9      | Found a shimmering blue altar of Sif Muna.
 10263 | D:9      | Reached skill level 9 in Axes
 10335 | D:9      | Noticed a two-headed ogre
 10341 | D:9      | Killed a two-headed ogre
 10342 | D:9      | Gained mutation: You are surrounded by a moderate repulsion
                  | field. (EV +3) [demonic ancestry]
 10342 | D:9      | Reached XP level 11. HP: 32/74 MP: 13/13
 10676 | D:9      | Identified the +1 robe "Haith" {Rampage SInv}
 10899 | D:9      | Found a staircase to the Lair.
 11136 | D:10     | Entered Level 10 of the Dungeon
 11405 | D:10     | Noticed a two-headed ogre
 11405 | D:10     | Noticed a two-headed ogre
 11406 | D:10     | Paralysed by a floating eye for 4 turns
 11413 | D:10     | Noticed a two-headed ogre
 11530 | D:10     | Demolished by a two-headed ogre

Illustrated notes

Levels and vault maps discovered:
D:1:      scummos_arrival_hexagon, layout_basic,
          hellmonk_ecumenical_altar_watching_god, minmay_quantized
D:2:      layout_loops_ring, mrwooster_statue_mirror, nicolae_wormholes
D:3:      cheibrodos_old_hovel, layout_loops_ring, mainiacjoe_overflow_24_doors,
          portal_sewer_entry_b
D:4:      layout_layer_cave, hangedman_decor_riveting,
          chequers_serial_rivers_small_a, minivault_5
D:5:      layout_basic, mainiacjoe_overflow_alcove_4, okawaru_ov_weapons_minmay,
          nicolae_ossuary_entry_giza, minmay_door_square, uniq_sigmund
D:6:      nicolae_cairo_tiling_large, layout_gridville,
          minmay_temple_entry_large_hall
D:7:      layout_basic, serial_shops, shop_fountains
D:8:      hellmonk_destroyed_diamonds, layout_cave_pods, uniq_joseph, uniq_grum
D:9:      layout_small_grid, old_standard_altar, david_lair_shrubbed,
          orc_0_dummy
D:10:     layout_roguey, grunt_temple_overflow_champion_of_chaos,
          mainiacjoe_overflow_chevrons, overflow_temple_1_default,
          mainiacjoe_overflow_big_doors, chequers_serial_rivers_marsh,
          onia_ninara_cookie
Temple:   minmay_temple_bridge_abc

Skill      XL: |  1  2  3  4  5  6  7  8  9 10 11 |
---------------+----------------------------------+-----
Armour         | 3 4 5 6 |  6.7
Axes           | 2 3 4 5 6 7 9 |  9.6
Shields        | 3 4 5 |  5.9
Dodging        | 1 2 3 4 |  4.7
Fighting       | 4 5 6 |  6.8
Stealth        | 1 2 |  2.9
Throwing       | 1 2 |  2.1
Spellcasting   | 1 |  1.7
Conjurations   | 2 |  2.0
Hexes          | 2 |  2.0
Summonings     | 2 |  2.7
Necromancy     | 2 |  2.2
Translocations | 1 |  1.7
Transmutations | 2 |  2.5
Fire Magic     | 3 |  3.0
Ice Magic      | 1 |  1.7
Air Magic      | 1 |  1.7
Earth Magic    | 1 |  1.7
Poison Magic   | 2 |  2.0
Invocations    | 2 |  2.7
Evocations     | 2 |  2.7

Action                   |  1- 3 |  4- 6 |  7- 9 | 10-12 || total
-------------------------+-------+-------+-------+-------++-------
Melee: War axe           |    91 |   121 |   210 |   122 ||   544
       Headbutt          |    11 |    15 |    49 |    31 ||   106
Throw: Stone             |       |     1 |       |       ||     1
       Dart              |       |       |     6 |     4 ||    10
Invok: Ancestor Life: Ba |       |       |       |     1 ||     1
  Use: Scroll            |     6 |     4 |     7 |       ||    17
       Potion            |       |     5 |     4 |       ||     9
 Stab: Distracted        |       |       |       |     1 ||     1
Armor: Scale mail        |     2 |     2 |    72 |    29 ||   105
       Ring mail         |    32 |    51 |       |       ||    83
Dodge: Dodged            |    54 |    78 |   107 |    65 ||   304
Block: Buckler           |    27 |    34 |    89 |    66 ||   216
       Reflection        |       |       |       |     1 ||     1

Table legend: (Time is in decaauts)
 A = Elapsed time spent in this place.
 B = Non-inter-level travel time spent in this place.
 C = Inter-level travel time spent in this place.
 D = Time resting spent in this place.
 E = Time spent auto-exploring this place.
 F = Levels seen in this place.
 G = Mean time per level.
                   A        B        C        D        E       F      G
               +--------+--------+--------+--------+--------+-----+--------+
         Total |  11685 |  11433 |    252 |    681 |   6655 |  13 |  898.8 |
       Dungeon |  10481 |  10229 |    252 |    643 |   6450 |  10 | 1048.1 |
        Temple |     77 |     77 |      0 |      0 |      0 |   1 |   77.0 |
         Sewer |    769 |    769 |      0 |      0 |    177 |   1 |  769.0 |
       Ossuary |    355 |    355 |      0 |     38 |     27 |   1 |  355.0 |
               +--------+--------+--------+--------+--------+-----+--------+

Top non-repeatable levels by time:
     D:9: 1475 daAuts
     D:8: 1440 daAuts
     D:1: 1346 daAuts
     D:4: 1208 daAuts
     D:6: 1179 daAuts
     D:5: 1032 daAuts
     D:3: 1027 daAuts
     D:7: 936 daAuts
   Sewer: 769 daAuts
     D:2: 670 daAuts
 Ossuary: 355 daAuts
    D:10: 164 daAuts
  Temple: 77 daAuts
